 Dungeon Crawl Stone Soup version 0.20.1-1-g8b1a95d (webtiles) character file.

7678 VirginKiller the Brawler (level 10, 73/73 HPs)
             Began as a Demigod Gladiator on Oct 9, 2017.
             Got out of the dungeon alive.
             The game lasted 01:00:29 (7528 turns).

VirginKiller the Brawler (Demigod Gladiator)        Turns: 7528, Time: 01:00:30

Health: 73/73      AC: 15    Str: 23    XL:     10   Next: 67%
Magic:  13/13      EV:  2    Int: 12    God:
Gold:   446        SH: 12    Dex: 17    Spells: 9/9 levels left

rFire    + . .     SeeInvis .     - Unarmed
rCold    . . .     Gourm    .   h - +0 large shield
rNeg     . . .     Faith    .   m - +0 plate armour
rPois    .         Spirit   .   b - +0 helmet
rElec    .         Reflect  .   e - +0 cloak
rCorr    .         Harm     .   g - +0 pair of gloves
MR       ++...                  R - +1 pair of boots
Stlth    ..........             (no amulet)
Regen    0.3/turn               P - ring of protection from magic
MPRegen  0.2/turn               o - ring of protection from fire

@: no status effects
A: high mp 1
a: no special abilities


You escaped.
You were hungry.

You visited 1 branch of the dungeon, and saw 10 of its levels.
You also visited: Sewer.

You collected 446 gold pieces.

Inventory:

Missiles
 c - a throwing net
 j - 4 javelins of penetration
 w - 6 javelins
 I - 2 needles of sleeping
 J - 5 tomahawks (quivered)
 M - 14 poisoned needles
Armour
 b - a +0 helmet (worn)
 e - a +0 cloak (worn)
 g - a +0 pair of gloves (worn)
 h - a +0 large shield (worn)
 m - a +0 plate armour (worn)
 R - a +1 pair of boots (worn)
Jewellery
 o - a ring of protection from fire (right hand)
 P - a ring of protection from magic (left hand)
Wands
 A - a wand of clouds (6/9)
 L - a wand of scattershot (3/9)
 Q - a wand of disintegration (0/24)
 S - a wand of confusion (11/48)
Scrolls
 a - 5 scrolls of remove curse
 k - 8 scrolls of teleportation
 l - 4 scrolls of magic mapping
 n - a scroll of noise
 p - 2 scrolls of recharging
 r - a scroll of enchant weapon {unknown}
 t - a scroll of fear
 x - a scroll of fog
 y - a scroll of blinking {unknown}
 z - a scroll of enchant armour {unknown}
 D - a scroll of immolation {unknown}
Potions
 f - a potion of ambrosia
 i - a potion of magic
 q - 5 potions of curing
 v - a potion of berserk rage {unknown}
 C - 2 potions of haste
 E - a potion of agility {unknown}
 H - 2 potions of cancellation {unknown}
 O - a potion of brilliance {unknown}
Books
 s - a book of Air

   Spells                             Type                      Level
   a - Shock                          Conjuration/Air              1
   b - Swiftness                      Charms/Air                   2
   c - Static Discharge               Conjuration/Air              3
   d - Airstrike                      Air                          4
   e - Lightning Bolt                 Conjuration/Air              5
 B - a book of Conjurations

   Spells                             Type                      Level
   a - Magic Dart                     Conjuration                  1
   b - Searing Ray                    Conjuration                  2
   c - Dazzling Spray                 Conjuration/Hexes            3
   d - Fulminant Prism                Conjuration/Hexes            4
   e - Force Lance                    Conjuration/Translocation    4
   f - Iskenderun's Mystic Blast      Conjuration                  4
 G - a book of Minor Magic

   Spells                             Type                      Level
   a - Magic Dart                     Conjuration                  1
   b - Blink                          Translocation                2
   c - Call Imp                       Summoning                    2
   d - Slow                           Hexes                        2
   e - Conjure Flame                  Conjuration/Fire             3
   f - Mephitic Cloud                 Conjuration/Poison/Air       3
Comestibles
 d - 5 bread rations
 u - 6 meat rations
 F - 4 royal jellies
 K - 15 fruits


   Skills:
 - Level 1.7 Fighting
 - Level 1.7 Throwing
 - Level 2.6 Dodging
 + Level 15.0 Unarmed Combat


You had 9 spell levels left.
You didn't know any spells.

Dungeon Overview and Level Annotations

Branches:
Dungeon (10/15)            Temple (0/1) D:4
   Lair: D:8-11         Orc: D:9-12


Innate Abilities, Weirdness & Mutations

You have an increased reservoir of magic. (+10% MP)


Message History

(D) Dungeon (T) Temple
Where to? (Enter - D:1 @ (x,y), ? - help)
There is a stone staircase leading up here.
You climb upwards.
There is a stone staircase leading down here.
There is a stone staircase leading up here.
You climb upwards.
There is a stone staircase leading down here.
There is a stone staircase leading up here.
You climb upwards.
There is a stone staircase leading down here.
There is an open door here.
There is an open door here.
You see here a club.
You see here a dagger.
There is an escape hatch in the floor here.
There is a shaft here.
There is a staircase leading out of the dungeon here.
Are you sure you want to leave the Dungeon?
This will make you lose the game!
You have escaped!

######..................######
.............................#
....######.#.)...#...........#
....# #.#.....#.########..####
....######.#####.#.########......
....................†............
.................#.########......
....######.#######.............##
.........#.#...#@#..#######..#.##
.....###.#.#.#.#.#..#........#..#
.....###.#.#.#.#.#..#...##)#.##.#
##'#.....#.#.#.#.#..###.##.#.##.#
##.####..#.#.#.#.#.......#.#.##.#
##.# #..#.#.#.#.#.####..#.#.##.#
##.# #..#.#.#.#.#.# #..#.#. #..
#.####....#.#.#.#.# #..#.#.###.
#.........#.#.#.#.# #..#.#.....


There were no monsters in sight!

Vanquished Creatures
  The ghost of Agrougrou the Cleaver, a novice GrFi of Okawaru (D:8)
  The ghost of trm the Skirmisher, a novice GrFi of Okawaru (D:6)
  The ghost of rollingbeatlefloyd the Basher, a novice GrMo of Okawaru (D:9)
  A manticore (D:8)
  Joseph (D:7)
  2 trolls (D:9)
  A wyvern (D:9)
  8 yaks
  A hog (D:7)
  A human (D:7)
  Grum (D:8)
  The ghost of Stelteck the Digger, an amateur GrEE (Sewer)
  A water moccasin (D:8)
  An ice beast (D:7)
  An orc warrior (D:5)
  A black bear (D:9)
  A sky beast (D:4)
  4 phantoms
  3 wolves (D:8)
  4 centaurs
  5 ogres
  2 big kobolds
  3 bullfrogs
  A scorpion (D:4)
  The ghost of rollingbeatlefloyd the Slasher, a weakling MiMo (D:3)
  4 killer bees (D:10)
  4 wights (D:7)
  A howler monkey (D:9)
  4 crimson imps
  A quasit (D:10)
  An orc priest (D:9)
  A centaur skeleton (D:10)
  5 hounds
  2 jellies
  2 orc wizards
  An iguana (D:7)
  4 worker ants
  A worker ant zombie (D:8)
  A howler monkey skeleton (D:7)
  6 river rats
  11 adders
  An ooze (D:3)
  An adder zombie (D:8)
  5 worms
  4 dart slugs
  3 leopard geckos
  17 orcs
  3 giant cockroaches
  5 goblins
  6 hobgoblins
  7 jackals
  10 quokkas
  7 ball pythons
  6 bats
  12 frilled lizards
  16 kobolds
  25 rats
225 creatures vanquished.

Vanquished Creatures (collateral kills)
  A killer bee (D:10)
1 creature vanquished.

Grand Total: 226 creatures vanquished

Notes
Turn   | Place    | Note
-------+----------+-------------------------------------------
     0 | D:1      | VirginKiller the Demigod Gladiator began the quest for the Orb.
     0 | D:1      | Reached XP level 1. HP: 17/17 MP: 3/3
   128 | D:1      | Reached skill level 3 in Unarmed Combat
   166 | D:1      | Reached XP level 2. HP: 20/24 MP: 4/4
   827 | D:2      | Reached XP level 3. HP: 29/29 MP: 5/5
   931 | D:2      | Reached skill level 4 in Unarmed Combat
  1027 | D:2      | Found an iron altar of Okawaru.
  1515 | D:3      | Noticed rollingbeatlefloyd's ghost (weakling MiMo)
  1533 | D:3      | Killed rollingbeatlefloyd's ghost
  1533 | D:3      | Reached skill level 5 in Unarmed Combat
  1533 | D:3      | Reached XP level 4. HP: 35/36 MP: 6/6
  1851 | D:4      | Found a snail-covered altar of Cheibriados.
  1867 | D:4      | Reached XP level 5. HP: 39/41 MP: 7/7
  1913 | D:4      | Found a glowing drain.
  1941 | Sewer    | Entered a sewer
  2500 | Sewer    | Noticed Stelteck's ghost (amateur GrEE)
  2525 | Sewer    | Killed Stelteck's ghost
  2525 | Sewer    | Reached skill level 6 in Unarmed Combat
  2525 | Sewer    | Reached XP level 6. HP: 24/48 MP: 8/8
  2756 | D:4      | Reached skill level 7 in Unarmed Combat
  2901 | D:4      | Reached XP level 7. HP: 41/53 MP: 9/9
  2908 | D:4      | Found a staircase to the Ecumenical Temple.
  3049 | D:5      | Entered Level 5 of the Dungeon
  3068 | D:5      | Reached skill level 8 in Unarmed Combat
  3655 | D:5      | Found a sparkling altar of Nemelex Xobeh.
  3729 | D:6      | Reached skill level 9 in Unarmed Combat
  3894 | D:6      | Found a faded altar of an unknown god.
  3894 | D:6      | Found an ancient bone altar of Kikubaaqudgha.
  3899 | D:6      | Found a hazy altar of Hepliaklqana.
  4011 | D:6      | Noticed trm's ghost (novice GrFi)
  4208 | D:6      | Killed trm's ghost
  4208 | D:6      | Reached skill level 10 in Unarmed Combat
  4208 | D:6      | Reached XP level 8. HP: 45/60 MP: 10/10
  4268 | D:6      | Found a glowing golden altar of the Shining One.
  4386 | D:7      | Reached skill level 11 in Unarmed Combat
  4460 | D:7      | Reached XP level 9. HP: 67/67 MP: 11/11
  4597 | D:7      | Reached skill level 12 in Unarmed Combat
  4918 | D:7      | Noticed Joseph
  4934 | D:7      | Killed Joseph
  5256 | D:8      | Noticed a manticore
  5264 | D:8      | Killed a manticore
  5264 | D:8      | Reached skill level 13 in Unarmed Combat
  5435 | D:8      | Noticed Agrougrou's ghost (novice GrFi)
  5442 | D:8      | Killed Agrougrou's ghost
  5480 | D:8      | Found a hide-covered altar of Uskayaw.
  5669 | D:8      | Noticed Grum
  5677 | D:8      | Reached XP level 10. HP: 69/73 MP: 13/13
  5858 | D:8      | Found a sacrificial altar of Ru.
  6128 | D:8      | Killed Grum
  6557 | D:9      | Reached skill level 14 in Unarmed Combat
  6605 | D:9      | Noticed rollingbeatlefloyd's ghost (novice GrMo)
  6610 | D:9      | Killed rollingbeatlefloyd's ghost
  6612 | D:9      | Found an opulent altar of Gozag.
  6929 | D:10     | Entered Level 10 of the Dungeon
  7148 | D:10     | Reached skill level 15 in Unarmed Combat
  7528 | D:$      | Got out of the dungeon alive.

Skill      XL: |  1  2  3  4  5  6  7  8  9 10 |
---------------+-------------------------------+-----
Unarmed Combat | 3 5 6 7 10 11 13 15 | 15.0
Fighting       | |  1.7
Throwing       | |  1.7
Dodging        | |  2.6

Action                   |  1- 3 |  4- 6 |  7- 9 | 10-12 || total
-------------------------+-------+-------+-------+-------++-------
Melee: Unarmed           |   194 |   175 |   433 |   183 ||   985
       Punch             |     2 |     5 |     1 |       ||     8
Throw: Throwing net      |     2 |     2 |     2 |       ||     6
       Javelin           |       |       |     5 |       ||     5
       Tomahawk          |       |       |     1 |    10 ||    11
Evoke: Wand              |       |       |     1 |     9 ||    10
  Use: Scroll            |     2 |     3 |     9 |     2 ||    16
       Potion            |     1 |     1 |     6 |     1 ||     9
 Stab: Held in net/web   |     3 |     1 |     1 |       ||     5
       Confused          |       |       |     2 |       ||     2
  Eat: Chunk             |     2 |     4 |     4 |     4 ||    14
       Royal jelly       |       |     1 |     1 |       ||     2
       Bread ration      |       |       |     1 |       ||     1
Armor: Leather armour    |    25 |       |       |       ||    25
       Scale mail        |    26 |       |       |       ||    26
       Skin              |     7 |     5 |       |       ||    12
       Ring mail         |     2 |    54 |    11 |       ||    67
       Plate armour      |       |       |   189 |    69 ||   258
Dodge: Dodged            |    96 |    60 |    37 |    16 ||   209
Block: Large shield      |    16 |    47 |   212 |   101 ||   376
